Map: Ulrena

Players

TheTyrant

  • Race: Zerg Zerg
  • League: Master

MCanning - Winner!

  • Race: Protoss Protoss
  • League: Grandmaster

VOD

Have the link to the VOD?

Description

Time

  • Played on: Dec. 6, 2015, 11:26 p.m.
  • Length: 7:25
Show
View Real Time Build Order
Export as new Build Order

TheTyrant Zerg 

Build Orders: Hatch First 

Get SALT Encoding   

  12  0:00  Drone  
  13  0:12  Overlord  
  13  0:17  Drone  
  14  0:30  Drone  
  14  0:31  Drone  
  16  0:35  Drone  
  17  0:54  Hatchery  
  17  0:56  Drone  
  17  1:04  Drone  
  18  1:13  Spawning Pool  
  18  1:15  Drone  
  18  1:39  Overlord  
  18  1:47  Hatchery  
  17  2:05  Queen  
  17  2:06  Queen  
  17  2:07  Zergling x2  
  22  2:10  Drone  
  23  2:15  Drone  
  23  2:16  Drone  
  23  2:18  Zergling x2  
  23  2:21  Drone  
  27  2:27  Drone  
  28  2:33  Drone  
  29  2:41  Drone x2  
  31  2:48  Overlord  
  31  2:54  Drone  
  31  2:55  Extractor  
  31  2:56  Extractor  
  30  2:59  Queen  
  30  3:00  Drone x2  
  30  3:04  Drone  
  35  3:10  Drone x2  
  37  3:18  Drone  
  37  3:19  Drone x5  
  43  3:24  Overlord  
  43  3:28  Drone  
  43  3:32  Drone x2  
  46  3:39  Metabolic Boost  
  46  3:47  Drone x2  
  49  3:48  Drone, Roach Warren  
  48  4:01  Drone  
  48  4:02  Drone x6  
  55  4:03  Drone  
  55  4:07  Extractor  
  55  4:11  Lair  
  55  4:12  Overlord  
  55  4:16  Evolution Chamber  
  54  4:26  Drone x2  
  54  4:27  Drone  
  56  4:31  Overlord  
  56  4:33  Roach x4  
  64  4:43  Zerg Missile Weapons Level 1  
  64  4:45  Drone  
  65  4:46  Overlord  
  65  4:51  Zergling x2  
  65  4:52  Zergling x10  
  71  4:59  Roach  
  73  5:00  Roach  
  68  5:08  Glial Reconstitution  
  68  5:10  Drone  
  68  5:11  Drone x6  
  75  5:16  Overlord  
  75  5:24  Drone  
  75  5:25  Drone x3  
  79  5:28  Queen  
  83  5:35  Roach  
  83  5:36  Roach x3  
  89  5:47  Overlord  
  89  5:51  Ravager  
  89  5:52  Overlord x4  
  89  5:57  Overseer  
  89  6:01  Spore Crawler, Overlord  
  89  6:04  Extractor  
  87  6:07  Ravager x4  
  87  6:09  Roach x3  
  97  6:16  Roach x2  
  101  6:21  Drone x5  
  106  6:28  Spine Crawler  
  106  6:29  Drone  
  106  6:30  Drone x4, Spine Crawler x2  
  107  6:33  Extractor  
  96  6:43  Roach x6  
  88  6:56  Spire, Roach  
  88  6:57  Roach x2  
  93  7:04  Roach x3  
  93  7:05  Zergling x10  
Show
View Real Time Build Order
Export as new Build Order

MCanning Protoss - Winner!

Build Orders: 1 Gate Expand 

Get SALT Encoding   

  12  0:02  Probe (Chrono Boost)  
  13  0:12  Probe (Chrono Boost)  
  14  0:21  Pylon  
  14  0:23  Probe (Chrono Boost)  
  15  0:39  Probe (Chrono Boost)  
  15  0:40  Gateway  
  17  0:50  Probe (Chrono Boost)  
  17  0:54  Assimilator  
  17  1:00  Probe (Chrono Boost)  
  18  1:11  Probe (Chrono Boost)  
  19  1:25  Nexus  
  19  1:32  Probe (Chrono Boost)  
  20  1:38  Cybernetics Core  
  20  1:42  Probe (Chrono Boost)  
  21  1:53  Probe (Chrono Boost), Assimilator  
  22  2:03  Probe (Chrono Boost), Pylon  
  23  2:22  Mothership Core (Chrono Boost)  
  25  2:25  Zealot  
  27  2:36  Robotics Facility  
  27  2:39  Probe (Chrono Boost)  
  27  2:40  Probe (Chrono Boost), Warp Gate (Chrono Boost)  
  29  2:49  Probe  
  29  2:50  Probe  
  31  2:59  Stalker  
  31  3:00  Probe  
  31  3:02  Probe  
  35  3:10  Probe  
  36  3:14  Probe  
  36  3:19  Pylon  
  37  3:21  Probe (Chrono Boost)  
  37  3:26  Probe (Chrono Boost)  
  39  3:28  Gateway  
  39  3:36  Gateway  
  39  3:39  Gateway  
  39  3:43  Probe (Chrono Boost)  
  40  3:48  Warp Prism (Chrono Boost)  
  42  3:56  Probe  
  42  3:57  Probe  
  44  4:08  Probe, Pylon  
  44  4:09  Probe  
  46  4:20  Probe  
  46  4:21  Probe  
  46  4:23  Immortal (Chrono Boost), Pylon  
  52  4:37  Adept  
  52  4:38  Adept x3  
  60  4:42  Twilight Council  
  60  4:50  Pylon  
  60  5:10  Immortal (Chrono Boost)  
  64  5:16  Gateway  
  64  5:19  Gateway  
  64  5:20  Gateway  
  64  5:21  Charge (Chrono Boost)  
  64  5:22  Gateway  
  64  5:25  Gateway  
  64  5:30  Pylon  
  64  5:31  Pylon  
  64  5:42  Immortal  
  68  5:59  Pylon  
  68  6:00  Pylon  
  68  6:02  Pylon, Zealot x4  
  76  6:12  Pylon  
  74  6:19  Observer  
  75  6:25  Sentry x2  
  75  6:26  Sentry  
  75  6:28  Zealot x4  
  75  6:29  Zealot  
  87  6:44  Zealot  
  83  6:52  Zealot x4  
  83  6:53  Zealot x3  
  81  7:16  Zealot x5  
  81  7:17  Zealot  
  81  7:21  Zealot x3  
Tags
 
Add a new tag
Caveats
  • Supply blocks, unpowered buildings, or Contaminate may cause inaccurate times.
  • Supply counts are checked every 10 seconds.